 Dungeon Crawl Stone Soup version 0.28.0-53-g5a82cb258f (webtiles) character file.

Game seed: 4133915546947017672

29 acdeimund the Poker (level 3, 16/29 HPs)
             Began as a Merfolk Fighter on July 29, 2022.
             Quit the game on level 1 of the Dungeon.
             The game lasted 00:02:10 (536 turns).

acdeimund the Poker (Merfolk Fighter)                Turns: 536, Time: 00:02:10

Health: 16/29      AC:  6    Str: 16    XL:     3   Next: 16%
Magic:  3/3        EV:  9    Int:  7    God:
Gold:   7          SH:  5    Dex: 15    Spells: 2/2 levels left

rFire   . . .      SeeInvis .   a - +0 trident
rCold   . . .      Faith    .   c - +0 buckler
rNeg    . . .      Spirit   .   b - +0 scale mail
rPois   .          Reflect  .   (no helmet)
rElec   .          Harm     .   j - scarf {shadows}
rCorr   .          Rampage  .   (no gloves)
Will    .....                   (no boots)
Stlth   ..........              (no amulet)
HPRegen 0.09/turn               (no ring)
MPRegen 0.08/turn               (no ring)

@: no status effects
A: (nimble swimmer 2), mertail
a: no special abilities


You were on level 1 of the Dungeon.
You visited 1 branch of the dungeon, and saw 1 of its levels.

You collected 7 gold pieces.

Inventory:

Hand Weapons
 a - a +0 trident (weapon)
Missiles
 e - 4 poisoned darts (quivered)
Armour
 b - a +0 scale mail (worn)
 c - a +0 buckler (worn)
 j - a scarf of shadows (worn)
Scrolls
 f - a scroll of acquirement {unknown}
 h - a scroll of identify {unknown}
 i - a scroll of immolation {unknown}
Potions
 d - 2 potions of might
 g - a potion of degeneration {unknown}


   Skills:
 + Level 3.6 Fighting
 * Level 4.2 Polearms
 - Level 2.1 Armour
 + Level 1.5 Dodging
 - Level 3.0 Shields


You had 2 spell levels left.
You didn't know any spells.
Your spell library was empty.

Dungeon Overview and Level Annotations

Branches:
Dungeon (1/15)

Altars:


Innate Abilities, Weirdness & Mutations

((You are very nimble when in or above water. (Stealth+, EV+, Speed+++)))
Your lower body shifts to a powerful aquatic tail in water.


Message History

You see here a +0 whip.
You see here a +0 whip.
You see here a +0 buckler.
An endoplasm comes into view.
The endoplasm quivers.
Found 11 stones.
The endoplasm freezes you.
You are frozen.
You hit the endoplasm.
The endoplasm is almost dead.
The endoplasm hits you but does no damage.
You barely miss the endoplasm.
The endoplasm is almost dead.
The endoplasm freezes you.
You are frozen.
You block the endoplasm's attack.
You hit the endoplasm.
You kill the endoplasm!
An endoplasm comes into view.
The endoplasm quivers.
An endoplasm is nearby!
You hit the endoplasm.
The endoplasm is moderately wounded.
The endoplasm freezes you.
You are frozen.
You barely miss the endoplasm.
The endoplasm is moderately wounded.
The endoplasm freezes you.
You are frozen.
You hit the endoplasm.
The endoplasm is severely wounded.
The endoplasm freezes you.
You are frozen.
You hit the endoplasm but do no damage.
The endoplasm is severely wounded.
The endoplasm freezes you.
You are frozen.
You hit the endoplasm.
You kill the endoplasm!
You see here 11 stones.
Are you sure you want to abandon this character and quit the game? (Confirm with "yes".)

#### #..........##...#...# #.#
#.............###.#.# #.#
###..........#####..#.# #.#
#..[†...†....# #.##.# #.#
##.##........######.##.## #.#
#..###......###......#..###.#
#)## ##.##### #......##...#.#
###.####..#######......####...#
................@......# #####
........#########......#
.......## #......# .......#
#......# .......# ########
.......# ########


There were no monsters in sight!

Vanquished Creatures
  A bat (D:1)
  6 endoplasms (D:1)
  3 giant cockroaches (D:1)
  2 goblins (D:1)
  3 hobgoblins (D:1)
  2 quokkas (D:1)
  3 ball pythons (D:1)
  2 frilled lizards (D:1)
  A kobold (D:1)
  A rat (D:1)
24 creatures vanquished.

Notes
Turn   | Place    | Note
-------+----------+-------------------------------------------
     0 | D:1      | acdeimund the Merfolk Fighter began the quest for the Orb.
     0 | D:1      | Reached XP level 1. HP: 18/18 MP: 1/1
    58 | D:1      | Reached XP level 2. HP: 23/24 MP: 2/2
    86 | D:1      | Reached skill level 1 in Dodging
   194 | D:1      | Reached skill level 4 in Polearms
   359 | D:1      | Reached XP level 3. HP: 28/29 MP: 3/3
   536 | D:1      | Quit the game

Illustrated notes

Levels and vault maps discovered:
D:1:      evilmike_arrival_fibonacci_small, layout_rooms,
          chequers_ecumenical_altar_simple

Skill      XL: |  1  2 |
---------------+-------+-----
Dodging        | 1 |  1.5
Polearms       | 4 |  4.2
Fighting       | |  3.6
Armour         | |  2.1
Shields        | |  3.0

Action                   || total
-------------------------++-------
Melee: Trident           ||    58
Armor: Scale mail        ||    18
Dodge: Dodged            ||    18
Block: Buckler           ||    10
